Map: Rainfall LE

Players

SialicAcid

  • Race: Terran Terran
  • League: Diamond

스승구해요 - Winner!

  • Race: Zerg Zerg
  • League: Master

VOD

Have the link to the VOD?

Description

Time

  • Played on: Oct. 6, 2026, 4:51 a.m.
  • Length: 14:56
Show
View Real Time Build Order
Export as new Build Order

SialicAcid Terran 

Build Orders: Reaper Expand, Hellion Banshee 

Get SALT Encoding   

  12  0:00  SCV  
  13  0:14  SCV  
  13  0:17  Supply Depot  
  14  0:26  SCV  
  15  0:39  Barracks, SCV  
  16  0:44  Refinery  
  16  0:52  SCV  
  17  1:04  SCV  
  18  1:16  SCV  
  19  1:25  Reaper  
  19  1:28  Orbital Command  
  20  1:39  Command Center  
  20  1:47  Supply Depot  
  20  1:53  SCV  
  21  1:59  Marine  
  22  2:06  SCV  
  23  2:12  Factory  
  23  2:18  SCV  
  23  2:22  Barracks Reactor  
  24  2:30  SCV  
  24  2:36  Command Center  
  25  2:47  SCV  
  26  2:57  Orbital Command  
  26  3:04  Starport  
  26  3:06  SCV  
  26  3:07  Hellion  
  26  3:10  Hellion  
  31  3:14  Refinery  
  31  3:18  SCV  
  31  3:19  Barracks Tech Lab  
  32  3:23  SCV  
  33  3:30  SCV  
  34  3:36  Hellion x2  
  38  3:43  SCV x2  
  38  3:48  Orbital Command  
  40  3:52  Banshee  
  40  3:55  SCV  
  44  3:57  Barracks Tech Lab  
  44  3:59  Hellion  
  44  4:00  Hellion  
  48  4:11  SCV  
  48  4:12  SCV  
  48  4:15  SCV  
  51  4:20  Supply Depot  
  51  4:24  SCV x2  
  53  4:26  Barracks  
  53  4:29  Barracks  
  53  4:31  SCV  
  53  4:35  Factory Reactor  
  54  4:40  Refinery  
  54  4:42  Supply Depot, SCV  
  54  4:43  SCV x2  
  57  4:52  Marine  
  58  4:54  SCV  
  58  4:55  Starport Reactor, SCV  
  58  4:57  Refinery  
  61  5:01  Orbital Command  
  61  5:07  SCV  
  61  5:08  SCV  
  61  5:09  Marine  
  63  5:15  Marine x2  
  63  5:21  Supply Depot, SCV x2  
  66  5:26  Supply Depot  
  67  5:29  SCV  
  67  5:30  Marine  
  67  5:33  SCV x2  
  71  5:38  Medivac x2  
  71  5:39  Marine x2  
  71  5:42  Marine x2, Siege Tank  
  82  5:43  Supply Depot  
  82  5:45  Supply Depot  
  82  5:47  Barracks  
  82  5:48  Marine, SCV x2  
  82  5:49  Barracks  
  85  5:57  Marine x2  
  85  6:00  Marine  
  88  6:11  Marine x2  
  88  6:12  Medivac x2  
  88  6:14  Stimpack, Siege Tank  
  88  6:16  Marine  
  88  6:17  Refinery  
  98  6:18  SCV x2  
  98  6:19  SCV  
  101  6:27  Engineering Bay  
  101  6:28  Marine x2  
  101  6:30  Engineering Bay, SCV x2  
  105  6:33  Marine x2  
  105  6:34  SCV  
  108  6:42  SCV  
  108  6:43  SCV  
  108  6:46  SCV  
  109  6:55  Barracks Reactor x2  
  109  7:00  Supply Depot  
  109  7:01  Marine  
  109  7:02  Medivac, SCV x2, Siege Tank  
  109  7:03  Supply Depot  
  117  7:11  Terran Infantry Weapons Level 1, Supply Depot  
  117  7:16  Terran Infantry Armor Level 1  
  117  7:19  Armory  
  117  7:21  Supply Depot, Marine x3, Medivac, SCV x2  
  124  7:26  SCV  
  125  7:32  Refinery  
  125  7:34  SCV, Command Center  
  126  7:54  Combat Shield  
  126  7:58  Marine x3  
  129  8:07  Supply Depot  
  129  8:08  Supply Depot  
  129  8:13  Marine x6  
  129  8:14  Siege Tank, Medivac x2  
  129  8:16  Supply Depot  
  129  8:17  Terran Vehicle Weapons Level 1  
  142  8:20  Factory  
  141  8:59  Marine x8  
  141  9:00  Siege Tank  
  152  9:08  Marauder  
  154  9:11  Factory Tech Lab, Terran Infantry Weapons Level 2, Terran Infantry Armor Level 2  
  154  9:14  Concussive Shells  
  154  9:17  Marine  
  154  9:32  Siege Tank  
  157  9:45  Planetary Fortress  
  157  9:49  Marine x8, Marauder  
  157  9:50  Siege Tank  
  170  9:56  Barracks  
  170  9:57  Barracks  
  170  10:04  Siege Tank  
  170  10:06  Marine  
  170  10:07  Marine  
  164  10:10  Marauder  
  167  10:20  Marine x4  
  171  10:21  Medivac x2  
  171  10:22  Terran Vehicle Weapons Level 2, Siege Tank  
  178  10:30  Command Center  
  178  10:31  Command Center  
  163  10:44  Marine x4  
  163  10:45  Marine  
  164  11:09  Marine x5  
  164  11:10  Siege Tank x2  
  171  11:14  Ghost Academy  
  171  11:33  Marine x5  
  171  11:34  Marauder  
  178  11:42  Siege Tank  
  181  11:50  Barracks Tech Lab x2  
  181  11:51  Marine x2  
  181  11:52  Thor  
  181  11:54  Medivac x2  
  193  12:09  Factory  
  193  12:10  Factory  
  187  12:45  Marine x4  
  191  12:54  Ghost x2  
  191  12:55  Marine  
  191  12:57  Siege Tank  
  199  13:07  Barracks Tech Lab  
  196  13:23  Factory Tech Lab  
  193  13:36  SCV  
  188  13:53  Planetary Fortress  
  188  13:59  Command Center, Refinery  
  188  14:00  Refinery  
  188  14:03  SCV  
  188  14:09  Marine  
  188  14:10  Marine  
  188  14:11  Marine  
  188  14:14  Missile Turret  
  183  14:21  Marine  
  183  14:22  Marine x2  
  163  14:33  Supply Depot x2  
  163  14:35  Engineering Bay  
  163  14:36  Marine x4  
  159  14:38  Supply Depot  
  159  14:39  Supply Depot  
Show
View Real Time Build Order
Export as new Build Order

스승구해요 Zerg - Winner!

Build Orders: Hatch First, Brood Lord Corruptor 

Get SALT Encoding   

  12  0:00  Drone  
  13  0:12  Overlord  
  13  0:17  Drone  
  14  0:31  Drone x2  
  16  0:51  Hatchery  
  16  0:53  Drone x2  
  16  0:56  Drone  
  18  1:08  Extractor  
  17  1:12  Spawning Pool  
  17  1:15  Drone  
  17  1:19  Drone  
  18  1:29  Drone  
  19  1:38  Drone  
  20  1:49  Overlord  
  20  1:59  Queen  
  22  2:03  Queen  
  22  2:04  Zergling x4  
  26  2:15  Metabolic Boost  
  26  2:17  Drone x2  
  26  2:21  Overlord  
  28  2:32  Drone x2  
  28  2:37  Overlord  
  30  2:52  Drone x2  
  30  2:56  Queen  
  30  2:57  Hatchery  
  33  3:05  Drone x3  
  36  3:10  Drone x2  
  38  3:14  Drone x2  
  40  3:21  Drone  
  40  3:22  Drone  
  42  3:27  Queen  
  42  3:29  Drone  
  45  3:49  Queen  
  45  3:51  Overlord  
  45  3:53  Overlord  
  47  4:07  Zergling x6  
  50  4:13  Lair  
  50  4:17  Drone x2  
  51  4:20  Extractor  
  52  4:24  Drone x9, Evolution Chamber  
  52  4:25  Roach Warren  
  52  4:27  Evolution Chamber  
  57  4:35  Drone x2  
  59  4:40  Drone  
  59  4:41  Drone  
  59  4:42  Drone  
  62  4:48  Drone x2  
  62  4:49  Drone x2  
  66  5:01  Zerg Missile Weapons Level 1  
  66  5:03  Extractor  
  65  5:11  Extractor  
  65  5:12  Drone x4  
  65  5:13  Drone x3, Extractor x2  
  69  5:14  Overlord  
  69  5:22  Zerg Ground Armor Level 1  
  69  5:24  Queen  
  69  5:25  Drone x2  
  69  5:27  Overlord x2  
  73  5:31  Hatchery  
  72  5:36  Overseer  
  72  5:39  Overseer  
  72  5:40  Overlord  
  72  5:48  Drone x4  
  76  5:53  Zergling x4  
  76  5:54  Roach x2, Glial Reconstitution  
  82  6:06  Roach x2  
  86  6:14  Zergling x4, Roach  
  86  6:15  Roach x2  
  86  6:17  Drone x2  
  96  6:20  Overlord x2  
  96  6:25  Roach  
  98  6:28  Overlord x2  
  98  6:37  Queen  
  98  6:39  Roach x2  
  103  6:46  Roach x4  
  111  6:51  Roach x4  
  119  6:59  Roach x6  
  133  7:08  Roach x2  
  133  7:09  Overlord  
  133  7:11  Overlord  
  135  7:29  Zerg Missile Weapons Level 2  
  135  7:30  Zerg Ground Armor Level 2  
  135  7:31  Roach x8  
  135  7:34  Overlord x4  
  135  7:36  Hatchery, Ravager  
  151  7:39  Baneling Nest  
  151  7:40  Drone  
  151  7:47  Overlord x2  
  151  7:53  Ravager x8  
  151  7:54  Roach  
  151  7:55  Roach, Overlord  
  151  7:58  Drone x3  
  165  8:00  Drone  
  165  8:02  Drone  
  168  8:06  Drone x2  
  168  8:07  Drone x2  
  168  8:09  Drone x2  
  168  8:11  Drone  
  175  8:25  Spore Crawler  
  174  8:28  Zergling x2  
  174  8:29  Zergling x24  
  174  8:30  Zergling x4  
  189  8:42  Zergling x4  
  189  8:47  Centrifugal Hooks  
  191  8:49  Infestation Pit  
  190  8:56  Zergling x6  
  190  8:57  Zergling x4  
  190  8:58  Drone x5  
  200  9:16  Drone  
  200  9:17  Drone  
  200  9:18  Spore Crawler  
  200  9:22  Drone x3  
  196  9:25  Spire, Hive  
  196  9:27  Drone  
  196  9:28  Drone x10  
  199  9:36  Baneling  
  199  9:37  Baneling x2  
  199  9:42  Evolution Chamber  
  199  9:46  Zerg Melee Weapons Level 1  
  196  10:11  Burrow  
  193  10:14  Extractor  
  193  10:16  Extractor  
  191  10:22  Zergling x2  
  191  10:23  Zergling x16  
  200  10:30  Spine Crawler  
  200  10:32  Spore Crawler  
  200  10:33  Spore Crawler  
  195  10:38  Greater Spire  
  195  10:39  Infestor, Zergling x2  
  195  10:40  Overlord  
  198  10:45  Drone  
  199  11:09  Drone  
  199  11:10  Drone  
  198  11:32  Baneling x4  
  192  11:45  Corruptor x3  
  190  11:56  Corruptor x3  
  190  11:57  Corruptor x2  
  190  11:59  Zerg Melee Weapons Level 2, Zerg Ground Armor Level 3  
  200  12:10  Corruptor  
  200  12:12  Overlord  
  188  12:18  Corruptor x2  
  188  12:19  Corruptor x4  
  188  12:21  Brood Lord x3  
  170  12:26  Adrenal Glands  
  170  12:27  Brood Lord x2  
  170  12:41  Brood Lord x2  
  174  12:49  Corruptor x3  
  180  12:55  Drone x2, Extractor  
  180  12:56  Drone  
  180  12:57  Extractor, Drone x4  
  180  12:58  Drone  
  186  13:02  Corruptor x2  
  190  13:07  Brood Lord x3  
  190  13:08  Brood Lord  
  198  13:24  Hatchery, Baneling x4  
  198  13:25  Baneling x22  
  197  13:38  Brood Lord  
  199  13:45  Baneling x6  
  199  13:46  Baneling x2  
  199  13:55  Zergling x2  
  176  14:17  Zergling x26  
  176  14:18  Zergling x6  
  176  14:28  Zergling x22  
  169  14:37  Zergling x4  
Tags
 
Add a new tag
Caveats
  • Supply blocks, unpowered buildings, or Contaminate may cause inaccurate times.
  • Supply counts are checked every 10 seconds.